AoeStats
← 南瓜小公主

Arena

510304330Analyzed
3v3 RM · 7h ago on Sep 30, 2026· 56m 47s· 6 players
Game mode
Random Map
Map size
Normal (6 player)
Population
200
Speed
Normal
Resources
Standard
Victory
Conquest
Starting age
Dark Age
Ending age
Imperial Age
RankedLock teamsTeams togetherTeam positionsShared explorationLock speedFull tech treeHidden civsTurbo modeCheats
Victory
Defeat
🇹🇼 Persians · Taiwan
922
+13
🇹🇼 Aztecs · Taiwan
919
+14
🇹🇼 Burgundians · Taiwan
909
+14
🇨🇳 Bulgarians · China
879
-14
🇨🇳 Bohemians · China
867
-14
🇨🇳 Turks · China
851
-13
世锦赛冠军
10:23 Feudal Age
10:58 Double-Bit Axe
17:19 Castle Age
20:06 Wheelbarrow
21:06 Bow Saw
22:43 Forging
23:55 Horse Collar
25:49 Stone Mining
25:49 Gold Mining
29:00 Heavy Plow
31:35 Imperial Age
30:27 Pikeman
31:07 Squires
31:22 Bloodlines
32:30 Iron Casting
31:55 Scale Mail Armor
32:00 Scale Barding Armor
33:06 Elite Konnik
35:30 Bagains
35:50 Conscription
36:29 Gold Shaft Mining
36:18 Stirrups
35:48 Light Cavalry
36:29 Husbandry
38:32 Chain Mail Armor
38:37 Chain Barding Armor
39:17 Blast Furnace
37:46 Halberdier
41:27 Hussar
43:27 Plate Barding Armor
43:22 Plate Mail Armor
43:08 Onager
51:14 Coinage
50:45 Caravan
种菜农夫
10:53 Feudal Age
17:56 Castle Age
16:52 Double-Bit Axe
16:48 Horse Collar
29:37 Imperial Age
29:20 Wheelbarrow
28:18 Pikeman
29:00 Squires
28:46 Arson
29:14 Forging
29:04 Scale Mail Armor
29:56 Heavy Plow
30:08 Bow Saw
31:50 Two-Man Saw
31:09 Hand Cart
31:30 Conscription
32:21 Halberdier
34:33 Iron Casting
34:13 Chain Mail Armor
35:47 Chemistry
35:58 Plate Mail Armor
37:15 Blast Furnace
36:41 Elite Hussite Wagon
37:53 Siege Engineers
38:30 Wagenburg Tactics
48:14 Coinage
49:56 Guilds
50:17 Banking
49:49 Caravan
小肉肉ovo
11:32 Feudal Age
13:32 Double-Bit Axe
13:32 Horse Collar
18:31 Castle Age
19:42 Bow Saw
19:35 Heavy Plow
21:08 Stone Mining
22:53 Gold Mining
24:13 Wheelbarrow
28:31 Town Watch
29:40 Gold Shaft Mining
33:44 Forging
33:40 Scale Barding Armor
34:35 Husbandry
35:12 Iron Casting
34:58 Chain Barding Armor
36:00 Bloodlines
36:21 Fletching
36:31 Padded Archer Armor
39:26 Bodkin Arrow
39:47 Leather Archer Armor
47:11 Imperial Age
46:12 Hand Cart
45:58 Town Patrol
45:44 Loom
52:09 Two-Man Saw
Dai_Chen
0:31 Loom
11:14 Feudal Age
16:54 Castle Age
16:38 Double-Bit Axe
16:35 Horse Collar
19:23 Pikeman
25:50 Stone Mining
27:57 Wheelbarrow
29:15 Hand Cart
32:46 Imperial Age
30:32 Kamandaran
31:19 Gold Mining
32:05 Stone Shaft Mining
31:35 Murder Holes
31:41 Fletching
32:57 Cavalier
34:47 Husbandry
34:58 Bloodlines
34:55 Scale Barding Armor
35:05 Forging
34:59 Bodkin Arrow
34:40 Crossbowman
37:46 Chemistry
37:07 Ballistics
36:58 Masonry
38:04 Thumb Ring
39:47 Chain Barding Armor
42:10 Bow Saw
42:00 Savar
45:13 Architecture
45:21 Plate Barding Armor
44:47 Padded Archer Armor
45:22 Iron Casting
45:16 Light Cavalry
49:13 Leather Archer Armor
49:59 Blast Furnace
南瓜小公主
0:28 Loom
11:20 Feudal Age
12:47 Wheelbarrow
18:51 Castle Age
17:02 Double-Bit Axe
17:16 Horse Collar
18:06 Gold Mining
20:26 Bow Saw
21:35 Gold Shaft Mining
21:02 Heavy Plow
21:29 Hand Cart
21:17 Stone Mining
23:13 Fervor
29:12 Imperial Age
27:57 Stone Shaft Mining
27:53 Town Watch
29:07 Squires
31:05 Forging
30:37 Eagle Warrior
32:42 Chemistry
33:00 Iron Casting
32:26 Scale Mail Armor
32:26 Treadmill Crane
33:24 Crop Rotation
33:50 Ballistics
33:26 Murder Holes
33:23 Fletching
33:35 Caravan
35:35 Blast Furnace
34:51 Chain Mail Armor
35:14 Bodkin Arrow
36:29 Town Patrol
38:20 Coinage
37:22 Elite Eagle Warrior
38:41 Conscription
39:50 Plate Mail Armor
42:31 Pikeman
46:35 Bracer
47:53 Garland Wars
yang101310427
11:26 Feudal Age
10:16 Double-Bit Axe
15:27 Castle Age
13:48 Bow Saw
15:03 Wheelbarrow
17:50 Two-Man Saw
17:20 Horse Collar
28:47 Imperial Age
27:10 Heavy Plow
26:58 Town Watch
26:59 Loom
28:09 Scale Barding Armor
28:14 Forging
28:21 Hand Cart
28:12 Caravan
28:28 Stone Mining
28:29 Gold Mining
29:27 Chain Barding Armor
28:47 Cavalier
29:30 Husbandry
30:01 Guilds
30:39 Town Patrol
30:35 Elite Skirmisher
31:51 Fletching
32:37 Iron Casting
32:37 Plate Barding Armor
33:27 Burgundian Vineyards
33:43 Conscription
34:02 Bodkin Arrow
35:08 Blast Furnace
34:08 Treadmill Crane
34:49 Ballistics
35:36 Chemistry
34:33 Murder Holes
35:39 Bracer
35:40 Padded Archer Armor
35:48 Paladin
38:46 Crossbowman
45:59 Leather Archer Armor
45:32 Arrowslits
Connection lost

Rejoining the realm…

Still unreachable

The connection could not be restored.

Session expired

The server has moved on; the page needs a fresh start.